 Dungeon Crawl Stone Soup version 0.30-a0-368-g86fb4627a9 (webtiles) character file.

Game seed: 2141111772848533056

164 lunkers the Cudgeller (level 5, 0/39 (43) HPs)
             Began as an Armataur Reaver on Nov 18, 2022.
             Succumbed to a scorpion's poison
             ... on level 4 of the Dungeon.
             The game lasted 00:07:51 (2829 turns).

lunkers the Cudgeller (Armataur Reaver)             Turns: 2829, Time: 00:07:51

HP:   0/39 (43)     AC:  7    Str: 24    XL:     5   Next: 21%
MP:   5/7           EV:  9    Int: 17    God:
Gold: 100           SH:  0    Dex: 10    Spells: 6/7 levels left

rFire   . . .      SeeInvis .    b - +4 dagger (holy)
rCold   + . .      Faith    .    (no shield)
rNeg    . . .      Spirit   .    j - +1 ring mail of the Solemn Hot Ocelot {Int+4}
rPois   .          Reflect  .    (no helmet)
rElec   .          Harm     .    p - +0 cloak
rCorr   .          Roll     +    (no gloves)
Will    .....                    (no barding)
Stlth   ..........               (no amulet)
HPRegen 0.26/turn                m - ring of protection from cold
MPRegen 0.10/turn                o - +6 ring of strength

@: lethally poisoned (0 -> -7), very slightly contaminated, drained
A: large, rugged brown scales 3, deformed body, armoured tail, roll, long
tongue, awkward tongue
a: no special abilities


You were on level 4 of the Dungeon.
You visited 1 branch of the dungeon, and saw 4 of its levels.

You collected 100 gold pieces.

Inventory:

Hand Weapons
 a - a +0 mace
 b - a +4 dagger of holy wrath (weapon)
 g - a +2 vorpal hand axe
Armour
 j - the +1 ring mail of the Solemn Hot Ocelot (worn) {Int+4}
   (You found it on level 2 of the Dungeon)

   Int:       It affects your intelligence (+4).
 p - a +0 cloak (worn)
Jewellery
 m - a ring of protection from cold (left hand)
 o - a +6 ring of strength (right hand)
 q - a ring of wizardry
Scrolls
 d - 2 scrolls of identify
 e - a scroll of immolation {unknown}
 f - a scroll of butterflies
 k - a scroll of noise {unknown}
 l - a scroll of magic mapping {unknown}
 n - a scroll of enchant weapon {unknown}
 r - a scroll of blinking {unknown}
Potions
 c - 6 potions of curing
 h - a potion of might
 i - 4 potions of lignification


   Skills:
 - Level 1.7 Fighting
 + Level 3.3 Short Blades
 - Level 1.7(2.6) Axes
 - Level 3.4(3.7) Maces & Flails
 - Level 1.3 Dodging
 - Level 1.7 Spellcasting
 - Level 2.6 Conjurations


You had 6 spell levels left.
You knew the following spells:

 Your Spells              Type           Power      Damage    Failure   Level
p - Kiss of Death         Conj/Necr      24%        2d7       19%         1

Your spell library contained the following spells:

 Spells                   Type           Power      Damage    Failure   Level
 Momentum Strike          Conj/Tloc      12%        3d8       26%         2
 Necrotise                Necr           4%         1d4       30%         1
 Blink                    Tloc           2%         N/A       43%         2
 Sublimation of Blood     Necr           1%         N/A       43%         2
 Wereblood                Tmut           1%         N/A       43%         2
 Hailstorm                Conj/Ice       6%         3d4       47%         3
 Lesser Beckoning         Tloc           2%         N/A       67%         3
 Leda's Liquefaction      Hex/Erth       0%         N/A       97%         4
 Lee's Rapid Deconstruct  Erth           0%         3d4*      100%        5
 Statue Form              Tmut/Erth      0%         N/A       100%        6
 Summon Hydra             Summ           0%         N/A       100%        7


Dungeon Overview and Level Annotations

Branches:
Dungeon (4/15)
 Temple: D:4-7

Altars:
Hepliaklqana

Shops:
D:1 *


Innate Abilities, Weirdness & Mutations

You are completely covered in rugged brown scales. (AC +3, +7% HP)
Armour fits poorly on your strangely shaped body.
You have a long armoured tail.
You roll when moving toward enemies. (Rampage)
Your long tongue fully drains potion bottles. (2x potion effects)
Your tongue gives you trouble enunciating. (1.5x scroll delay)


Message History

You feel sick.
The scorpion stings you but does no damage.
Casting: Kiss of Death (safe; 19% risk of failure)
Confirm with . or Enter, or press ? or * to list all spells.
Okay, then.
The scorpion attacks as you move away! The scorpion closely misses you.
You feel sick.
You feel sick.
You feel sick.
You are no longer poisoned.
The orc priest invokes the aid of Beogh against you.
Beogh smites you!
* * * LOW HITPOINT WARNING * * *
The scorpion stings you.
* * * LOW HITPOINT WARNING * * *
The orc priest begins to cast a cantrip, but forgets the words!
Casting: Kiss of Death (safe; 19% risk of failure)
Confirm with . or Enter, or press ? or * to list all spells.
Aiming: Kiss of Death (safe; 19% risk of failure)
Press: ? - help, Shift-Dir - straight line, f - scorpion
Aim: a scorpion (100% to hit)
You miscast Kiss of Death.
You are very lightly contaminated with residual magic.
Nothing appears to happen.
The scorpion stings you.
* * * LOW HITPOINT WARNING * * *
Casting: Kiss of Death (safe; 19% risk of failure)
Confirm with . or Enter, or press ? or * to list all spells.
Aiming: Kiss of Death (safe; 19% risk of failure)
Press: ? - help, Shift-Dir - straight line, f/p - scorpion
Aim: a scorpion (100% to hit)
You miscast Kiss of Death.
Nothing appears to happen.
The scorpion stings you.
* * * LOW HITPOINT WARNING * * *
You are poisoned.
The scorpion poisons you!
The orc priest invokes the aid of Beogh against you.
Beogh smites you!
* * * LOW HITPOINT WARNING * * *
As you slowly read the scroll labelled TOLOME XAIPEGH, it crumbles to dust.
You hear the tinkle of a tiny bell.
It was a scroll of butterflies.
You die...

#.#### ####..# .....
##....###..... .....
#......##....# #..{..
##.bbbb##....##oo..#
####b.b## #..##.o..##.
#..#...####.#.#o......
#####.bbbbb##...)...Y.....
###.#<..#bbb###{.#..####...#
#......)#bb@sooo.#### ##
##.#.....bb##b..b..# #
##.bbbbb#...........
#...bb.b#.....##....
#..b#.b.............
.....#.b........#....
................## ..#
#................#
#................#


You could see a scorpion (ally target), an orc priest (ally target) and 2 orcs.

Vanquished Creatures
  A jelly (D:4)
  An orc priest (D:3)
  An adder (D:2)
  2 worms (D:2)
  4 dart slugs
  7 orcs
  12 endoplasms
  2 giant cockroaches
  6 goblins
  6 hobgoblins
  4 jackals (D:1)
  3 quokkas
  2 ball pythons
  A bat (D:3)
  3 frilled lizards
  10 kobolds
  4 rats
69 creatures vanquished.

Notes
Turn   | Place    | Note
-------+----------+-------------------------------------------
     0 | D:1      | lunkers the Armataur Reaver began the quest for the Orb.
     0 | D:1      | Reached XP level 1. HP: 18/18 MP: 3/3
   229 | D:1      | Reached XP level 2. HP: 6/25 MP: 4/4
   304 | D:1      | Found Vywn's General Store.
   562 | D:1      | Reached skill level 1 in Axes
   655 | D:1      | Reached XP level 3. HP: 28/31 MP: 5/5
  1116 | D:2      | Identified the +1 ring mail of the Solemn Hot Ocelot
                  | {Int+4}
  1232 | D:2      | Reached skill level 1 in Short Blades
  1923 | D:2      | Reached XP level 4. HP: 22/38 MP: 6/6
  2075 | D:3      | HP: 1/38 [orc priest/divine providence (12)]
  2300 | D:3      | Found a hazy altar of Hepliaklqana.
  2531 | D:3      | Found a faded altar of an unknown god.
  2562 | D:3      | Got Plato's Anthology of Unhallowed Rites
  2725 | D:4      | Reached XP level 5. HP: 22/39 MP: 5/7
  2814 | D:4      | Noticed an ice beast
  2829 | D:4      | Succumbed to a scorpion's poison

Illustrated notes

Levels and vault maps discovered:
D:1:      dpeg_arrival_orchard, layout_basic, serial_shops, nicolae_square_shop,
          kennysheep_nondescript
D:2:      layout_loops_ring, chequers_big_river, dk_noncrumbling_4
D:3:      layout_rooms, nicolae_hepliaklqana_hazy_memory,
          shapermc_ecumenical_altar_rom_forum, minmay_misc_feat_rows
D:4:      layout_cave_pools, fedhas_altar_fruit_tree,
          minmay_temple_entry_mini_moons

Skill      XL: |  1  2  3  4 |
---------------+-------------+-----
Maces & Flails | 3 |  3.4
Axes           | 1 |  1.7
Short Blades   | 1 3 |  3.3
Fighting       | |  1.7
Dodging        | |  1.3
Spellcasting   | |  1.7
Conjurations   | |  2.6

Action                   |  1- 3 |  4- 6 || total
-------------------------+-------+-------++-------
Melee: Mace              |    37 |       ||    37
       Tailslap          |    16 |    15 ||    31
       Hand axe          |    54 |       ||    54
       Punch             |     2 |       ||     2
       Dagger            |    45 |    82 ||   127
 Cast: Kiss of Death     |       |     1 ||     1
  Use: Scroll            |     4 |     1 ||     5
Armor: Leather armour    |    23 |       ||    23
       Ring mail         |    13 |    29 ||    42
Dodge: Dodged            |    49 |    33 ||    82

Table legend: (Time is in decaauts)
 A = Elapsed time spent in this place.
 B = Non-inter-level travel time spent in this place.
 C = Inter-level travel time spent in this place.
 D = Time resting spent in this place.
 E = Time spent auto-exploring this place.
 F = Levels seen in this place.
 G = Mean time per level.
                   A        B        C        D        E       F      G
               +--------+--------+--------+--------+--------+-----+--------+
         Total |   2850 |   2739 |    111 |    134 |   2145 |   4 |  712.5 |
       Dungeon |   2850 |   2739 |    111 |    134 |   2145 |   4 |  712.5 |
               +--------+--------+--------+--------+--------+-----+--------+

Top non-repeatable levels by time:
     D:1: 1046 daAuts
     D:2: 1033 daAuts
     D:3: 657 daAuts
     D:4: 112 daAuts
